 Dungeon Crawl Stone Soup version 0.31-a0-654-gbe3e110b4e (webtiles) character file.

Game seed: 15109482247414533459

102 rvierbuc the Ducker (level 4, 0/34 HPs)
             Began as a Demonspawn Gladiator on Aug 29, 2023.
             Succumbed to Crazy Yiuf's poison
             ... on level 2 of the Dungeon.
             The game lasted 00:03:19 (1548 turns).

rvierbuc the Ducker (Demonspawn Gladiator)          Turns: 1548, Time: 00:03:19

Health: 0/34       AC: 10    Str: 16    XL:     4   Next: 49%
Magic:  2/4        EV:  5    Int:  9    God:
Gold:   83         SH:  0    Dex: 15    Spells: 3/3 levels left

rFire   . . .        a - +0 war axe
rCold   . . .        (no shield)
rNeg    . . .        m - +0 plate armour
rPois   .            (helmet restricted)
rElec   .            (no cloak)
rCorr   .            (no gloves)
SInv    .            (no boots)
Will    .....        (no amulet) Stlth
                     (no ring)
HPRegen 0.25/turn    (no ring)
MPRegen 0.09/turn

%: no passive effects
@: brilliant, lethally poisoned (0 -> -6)
A: horns 2
a: no special abilities


You were on level 2 of the Dungeon.
You visited 1 branch of the dungeon, and saw 2 of its levels.

You collected 83 gold pieces.

Inventory:

Hand Weapons
 a - a +0 war axe (weapon)
Missiles
 d - 2 throwing nets (quivered)
 e - a javelin
 l - 3 atropa-tipped darts
Armour
 b - a +0 leather armour
 c - a +0 helmet
 m - a +0 plate armour (worn)
Scrolls
 g - a scroll of brand weapon {unknown}
 i - a scroll of identify {unknown}
 j - a scroll of revelation {unknown}
 n - a scroll of silence {unknown}
Potions
 f - a potion of attraction {unknown}
 h - 2 potions of brilliance
 k - a potion of curing {unknown}


   Skills:
 + Level 2.8 Fighting
 + Level 3.3 Axes
 + Level 2.7 Throwing
 + Level 3.3 Dodging


You had 3 spell levels left.
You didn't know any spells.
Your spell library contained the following spells:

 Spells                   Type           Power      Damage    Failure   Level
 Foxfire                  Conj/Fire      0%         2x1d4     100%        1
 Summon Small Mammal      Summ           0%         N/A       100%        1
 Call Canine Familiar     Summ           0%         N/A       100%        3
 Summon Guardian Golem    Hex/Summ       0%         N/A       100%        3
 Volatile Blastmotes      Fire/Tloc      0%         2d10      100%        3
 Fulminant Prism          Conj/Hex       0%         3d5       100%        4
 Iskenderun's Mystic Bla  Conj/Tloc      0%         2d3       100%        4
 Plasma Beam              Fire/Air       0%         2x1d10    100%        6
 Starburst                Conj/Fire      0%         6d3       100%        6


Dungeon Overview and Level Annotations

Branches:
Dungeon (2/15)

Altars:


Innate Abilities, Weirdness & Mutations

You have a pair of horns on your head.


Message History

You open the door. You hit Crazy Yiuf.
Crazy Yiuf is moderately wounded.
Crazy Yiuf hits you but does no damage.
Crazy Yiuf says, "Buddy childish dark!"
Crazy Yiuf hits you with a +2 quarterstaff of chaos!
You feel drained.
You hit Crazy Yiuf.
Crazy Yiuf is heavily wounded.
Crazy Yiuf whimpers, "Papa horse King!"
Crazy Yiuf hits you with a +2 quarterstaff of chaos.
Crazy Yiuf freezes you.
You completely miss Crazy Yiuf.
Crazy Yiuf is heavily wounded.
Crazy Yiuf says, "Tonal!"
Crazy Yiuf hits you with a +2 quarterstaff of chaos!
You feel your power leaking away.
You hit Crazy Yiuf.
Crazy Yiuf is severely wounded.
Crazy Yiuf says, "Earwax sanguine foot!"
Crazy Yiuf hits you with a +2 quarterstaff of chaos.
Crazy Yiuf freezes you.
Crazy Yiuf screams, "Proton!
Papa mobile noodlescoop."
Crazy Yiuf hits you with a +2 quarterstaff of chaos.
* * * LOW HITPOINT WARNING * * *
You are lethally poisoned!
You closely miss Crazy Yiuf.
Crazy Yiuf is severely wounded.
* * * LOW HITPOINT WARNING * * *
You feel very sick.
Crazy Yiuf screams, "Whippet Orb Guardian senile!"
Crazy Yiuf barely misses you.
You slash Crazy Yiuf!
You kill Crazy Yiuf!
* * * LOW HITPOINT WARNING * * *
You feel very sick.
Your life force feels restored.
It was a potion of brilliance.
You feel clever all of a sudden.
You die...

######### #........
#........ ###
♣♣♣♣♣##...^.... ##.# ###
♣♣♣.♣...#........ ##..#
#...#♣..♣............. #...#
#...)@♣♣♣♣............ #...#
#)..#♣♣ ♣♣..#........ #...#
### ♣♣##........ #...#
#........ #...# #..##....
##<.################.....##÷
##.....#......##.#...##.##)
#...................###..#.
#.....###.#####........#.#.


There were no monsters in sight!

Vanquished Creatures
  Crazy Yiuf (D:2)
  An adder (D:2)
  2 dart slugs
  4 bats
  3 endoplasms (D:1)
  2 giant cockroaches (D:2)
  8 goblins
  8 hobgoblins
  7 jackals (D:1)
  5 kobolds
  A quokka (D:1)
  4 ball pythons
  4 frilled lizards (D:1)
  4 rats
54 creatures vanquished.

Notes
Turn   | Place    | Note
-------+----------+-------------------------------------------
     0 | D:1      | rvierbuc the Demonspawn Gladiator began the quest for the
                  | Orb.
     0 | D:1      | Reached XP level 1. HP: 16/16 MP: 1/1
   103 | D:1      | Discovered your monstrous ancestry.
   103 | D:1      | Gained mutation: You have a pair of small horns on your
                  | head. [demonic ancestry]
   103 | D:1      | Reached XP level 2. HP: 8/22 MP: 2/2
   796 | D:1      | Reached XP level 3. HP: 14/28 MP: 3/3
  1236 | D:2      | Found a runed translucent door.
  1237 | D:2      | Noticed Crazy Yiuf
  1316 | D:2      | Gained mutation: You have a pair of horns on your head.
                  | [demonic ancestry]
  1316 | D:2      | Reached XP level 4. HP: 34/34 MP: 4/4
  1547 | D:2      | Killed Crazy Yiuf
  1547 | D:2      | HP: 1/32 [poisoned by Crazy Yiuf]
  1548 | D:2      | Succumbed to Crazy Yiuf's poison

Illustrated notes

Levels and vault maps discovered:
D:1:      shiori_shiawase, layout_basic
D:2:      layout_rooms, chequers_serial_rivers_small_b, grunt_ministairs_1,
          st_stairs_12, minmay_pentomino_o4, uniq_crazy_yiuf_cottage

Skill      XL: |  1  2 |
---------------+-------+-----
Throwing       | 2 |  2.7
Dodging        | 3 |  3.3
Axes           | 3 |  3.3
Fighting       | |  2.8

Action                     |  1- 3 |  4- 6 || total
---------------------------+-------+-------++-------
  Melee: War axe           |   111 |    16 ||   127
         Headbutt          |    10 |     2 ||    12
  Throw: Throwing net      |     1 |       ||     1
    Use: Potion            |       |     1 ||     1
   Stab: Sleeping          |     1 |       ||     1
 Armour: Leather armour    |    30 |       ||    30
         Plate armour      |       |     1 ||     1
  Dodge: Dodged            |    72 |     8 ||    80

Table legend: (Time is in decaauts)
 A = Elapsed time spent in this place.
 B = Non-inter-level travel time spent in this place.
 C = Inter-level travel time spent in this place.
 D = Time resting spent in this place.
 E = Time spent auto-exploring this place.
 F = Levels seen in this place.
 G = Mean time per level.
                   A        B        C        D        E       F      G
               +--------+--------+--------+--------+--------+-----+--------+
         Total |   1594 |   1579 |     15 |      0 |   1251 |   2 |  797.0 |
       Dungeon |   1594 |   1579 |     15 |      0 |   1251 |   2 |  797.0 |
               +--------+--------+--------+--------+--------+-----+--------+

Top non-repeatable levels by time:
     D:1: 1137 daAuts
     D:2: 456 daAuts
